 Dungeon Crawl Stone Soup version 0.29-a0-378-gc08b2e8bf8 (webtiles) character file.

Game seed: 492969291397749701

44 Lekart the Skirmisher (level 3, -6/33 HPs)
             Began as a Draconian Chaos Knight on May 3, 2022.
             Was a Plaything of Xom.
             Mangled by a deep troll (glowing shapeshifter) (8 damage)
             ... on level 2 of the Dungeon on May 4, 2022.
             The game lasted 00:02:36 (1201 turns).

Lekart the Skirmisher (Draconian Chaos Knight)      Turns: 1201, Time: 00:02:37

Health: -6/33      AC:  8    Str: 14    XL:     3   Next: 39%
Magic:  3/3        EV: 12    Int: 12    God:    Xom [.*....]
Gold:   62         SH:  0    Dex: 12    Spells: 2/2 levels left

rFire   . . .      SeeInvis .   a - +0 falchion (chaos)
rCold   . . .      Faith    .   (no shield)
rNeg    . . .      Spirit   .   (body armour unavailable)
rPois   .          Reflect  .   (helmet restricted)
rElec   .          Harm     .   e - +0 cloak
rCorr   .          Rampage  .   d - +0 pair of gloves
Will    .....                   (no boots)
Stlth   +.........              (no amulet)
HPRegen 0.11/turn               (no ring)
MPRegen 0.08/turn               (no ring)

@: no status effects
A: AC +5, unfitting armour, cold-blooded, shaggy fur 1
a: Renounce Religion


You were on level 2 of the Dungeon.
You worshipped Xom.
You were a plaything of Xom.
You visited 1 branch of the dungeon, and saw 2 of its levels.

You collected 62 gold pieces.

Inventory:

Hand Weapons
 a - a +0 falchion of chaos (weapon)
Missiles
 g - 5 poisoned darts (quivered)
Armour
 d - a +0 pair of gloves (worn)
 e - a +0 cloak (worn)
Scrolls
 c - a scroll of fog {unknown}
 f - a scroll of teleportation {unknown}
 h - a scroll of identify {unknown}
Miscellaneous
 b - a piece from Xom's chessboard (15/15)


   Skills:
 + Level 3.8 Fighting
 + Level 3.8 Long Blades
 + Level 0.2 Throwing
 + Level 2.4 Dodging


You had 2 spell levels left.
You didn't know any spells.
Your spell library was empty.

Dungeon Overview and Level Annotations

Branches:
Dungeon (2/15)

Altars:


Innate Abilities, Weirdness & Mutations

Your plain brown scales are hard. (AC +5)
You cannot fit into any form of body armour.
You are cold-blooded and may be slowed by cold attacks.
You are covered in fur. (AC +1)


Message History

The adder barely misses you.
You miss the adder. The adder bites you but does no damage.
You completely miss the adder. The adder closely misses you.
The adder barely misses you.
You completely miss the adder. You tail-slap the adder.
The adder is moderately wounded.
The adder misses you.
You hit the adder.
The adder seems to slow down.
You freeze the adder.
The adder is severely wounded.
The adder bites you.
You completely miss the adder.
The adder is severely wounded.
The adder barely misses you.
You closely miss the adder.
The adder is severely wounded.
The adder bites you but does no damage.
You closely miss the adder.
The adder is severely wounded. "Hum-dee-hum-dee-hum..."
The adder changes into a glowing shapeshifter!
The glowing shapeshifter changes into a two-headed ogre!
You barely miss the two-headed ogre.
The two-headed ogre is lightly wounded.
The two-headed ogre hits you!
The two-headed ogre hits you but does no damage.
You hit the two-headed ogre.
Space warps around the two-headed ogre.
The two-headed ogre is moderately wounded.
You hit the two-headed ogre.
The two-headed ogre is moderately wounded.
The two-headed ogre changes into a deep troll!
You barely miss the deep troll. The deep troll bites you!!
Ouch! That really hurt!
* * * LOW HITPOINT WARNING * * *
Xom roars with laughter!
A shower of butterflies erupts from you!
The deep troll claws you.
* * * LOW HITPOINT WARNING * * *
The deep troll claws you!
You die...
Xom cackles wildly!

#.##... .###.#
...... ......
#.#.. #...#
#####.#.### >...
..........#
#.#######.#.#.###
#..)#####.#.....#
#.#......†........
#@.......>..##..##
+..bT.........#.#
..
###.##b######.#.#
.# #. #.# #.#.# #
# #.# #.# #.# #.#
... ..# (.. #.#


You could see a deep troll shaped shifter (ally target).

Vanquished Creatures
  A gnoll (D:1)
  A worm (D:2)
  An endoplasm (D:1)
  A giant cockroach (D:1)
  A goblin (D:2)
  2 hobgoblins
  7 jackals
  3 kobolds
  3 quokkas
  2 ball pythons (D:1)
  A bat (D:2)
  5 rats
28 creatures vanquished.

Notes
Turn   | Place    | Note
-------+----------+-------------------------------------------
     0 | D:1      | Lekart the Draconian Chaos Knight began the quest for the
                  | Orb.
     0 | D:1      | Reached XP level 1. HP: 19/19 MP: 1/1
    80 | D:1      | Reached XP level 2. HP: 26/26 MP: 2/2
    87 | D:1      | XOM: silly message
   114 | D:1      | XOM: divination: detect items
   260 | D:1      | XOM: noise
   618 | D:1      | Found a faded altar of an unknown god.
   797 | D:1      | XOM: divination: detect creatures
  1012 | D:1      | XOM: give mutation
  1012 | D:1      | Gained mutation: You are covered in fur. (AC +1) [Xom's
                  | grace]
  1046 | D:1      | Upgraded the game from 0.29-a0-371-g91724d5b39 to
                  | 0.29-a0-378-gc08b2e8bf8
  1048 | D:1      | Reached XP level 3. HP: 32/33 MP: 3/3
  1152 | D:2      | XOM: 3-stop teleportation journey
  1197 | D:2      | Noticed a glowing shapeshifter
  1197 | D:2      | an adder changed into a glowing shapeshifter
  1197 | D:2      | XOM: polymorph adder -> glowing shapeshifter
  1197 | D:2      | Noticed a two-headed ogre
  1197 | D:2      | a glowing shapeshifter changed into a two-headed ogre
  1200 | D:2      | Noticed a deep troll
  1200 | D:2      | a two-headed ogre changed into a deep troll
  1201 | D:2      | XOM: butterfly on damage
  1201 | D:2      | Mangled by a deep troll (glowing shapeshifter)

Illustrated notes

Levels and vault maps discovered:
D:1:      giann_wishing_wells, layout_rooms,
          ebering_ecumenical_altar_sacrificial, serial_forest,
          infiniplex_forest_lined_3, infiniplex_forest_join,
          infiniplex_forest_straight_3, infiniplex_forest_straight_2,
          infiniplex_forest_zigzag_1, infiniplex_forest_straight_4,
          infiniplex_forest_lined_1, infiniplex_forest_clump_small,
          hangedman_decor_diamond_cutter, kennysheep_another_room
D:2:      minmay_general_purpose_star, layout_basic

Action                   || total
-------------------------++-------
Melee: Falchion          ||    75
       Tailslap          ||     4
Throw: Dart              ||     6
Evoke: Piece from Xom's  ||     1
Armor: Skin              ||    32
Dodge: Dodged            ||    72

Table legend: (Time is in decaauts)
 A = Elapsed time spent in this place.
 B = Non-inter-level travel time spent in this place.
 C = Inter-level travel time spent in this place.
 D = Time resting spent in this place.
 E = Time spent auto-exploring this place.
 F = Levels seen in this place.
 G = Mean time per level.
                   A        B        C        D        E       F      G
               +--------+--------+--------+--------+--------+-----+--------+
         Total |   1210 |   1202 |      8 |      0 |   1003 |   2 |  605.0 |
       Dungeon |   1210 |   1202 |      8 |      0 |   1003 |   2 |  605.0 |
               +--------+--------+--------+--------+--------+-----+--------+

Top non-repeatable levels by time:
     D:1: 1053 daAuts
     D:2: 157 daAuts
